 Dungeon Crawl Stone Soup version 0.32-a0-630-g46d191b0ed (webtiles) character file.

Game seed: 1562209242009575361

1081 Alarak the Thaumaturge (level 8, -16/50 HPs)
             Began as a Djinni Alchemist on Mar 7, 2024.
             Was a Believer of Makhleb.
             Shot with an arrow by a centaur (18 damage)
             ... on level 5 of the Dungeon.
             The game lasted 00:16:01 (4942 turns).

Alarak the Thaumaturge (Djinni Alchemist)           Turns: 4942, Time: 00:16:02

Health: -16/50     AC:  3    Str:  7    XL:     8   Next: 55%
Gold:   462        EV: 12    Int: 30    God:    Makhleb [**....] SH:  0 Dex: 15

rFire   + + .        b - +6 Majin-Bo {spellvamp, MP+6 Int+6}
rCold   x . .        (no shield)
rNeg    . . .        a - +1 robe
rPois   ∞            (no helmet)
rElec   .            (no cloak)
rCorr   .            (no gloves)
SInv    .            (boots unavailable)
Will    +....        (no amulet)
Stlth   ++           o - +6 ring of intelligence
HPRegen 0.28/turn    c - ring of willpower
MPRegen 0.00/turn

%: infuse magic (-17 HP)
@: flying
A: sickness immunity, fire resistance 2, cold vulnerability 1, float, innate
caster, HP casting, extra vitality 1
a: Renounce Religion, Minor Destruction


You were on level 5 of the Dungeon.
You worshipped Makhleb.
Makhleb was pleased with you.
You visited 2 branches of the dungeon, and saw 6 of its levels.

You collected 462 gold pieces.

Inventory:

Hand Weapons
 b - the +6 Majin-Bo (weapon) {spellvamp, MP+6 Int+6}
   (You acquired it on level 4 of the Dungeon)

   Int+6:     It affects your intelligence (+6).
   MP+6:      It affects your magic capacity (+6).
Armour
 a - a +1 robe (worn)
Jewellery
 c - a ring of willpower (right hand)
 j - a ring of resist corrosion
 l - a ring of protection from fire
 o - a +6 ring of intelligence (left hand)
Wands
 p - a wand of mindburst (12)
 r - a wand of flame (5)
 s - a wand of warping (13)
Scrolls
 h - 2 scrolls of teleportation
 n - a scroll of poison
Potions
 d - a potion of degeneration
 e - 2 potions of haste
 f - 2 potions of enlightenment
 g - 2 potions of ambrosia
 i - a potion of curing
 k - 3 potions of heal wounds {unknown}
 m - a potion of lignification {unknown}
 q - 2 potions of mutation {unknown}


   Skills:
 - Level 2.1 Dodging
 - Level 1.5 Stealth
 + Level 8.1 Spellcasting
 + Level 8.1 Conjurations
 + Level 8.1 Hexes
 + Level 8.1 Summonings
 + Level 8.1 Necromancy
 + Level 8.1 Translocations
 + Level 8.1 Fire Magic
 + Level 8.1 Ice Magic
 + Level 8.1 Air Magic
 + Level 8.1 Earth Magic
 + Level 8.1 Alchemy


You knew the following spells:

 Your Spells              Type           Power      Damage    Failure   Level
a - Sting                 Conj/Alch      100%       1d9       1%          1
b - Mercury Vapours       Alch/Air       100%       N/A       1%          2
c - Mephitic Cloud        Conj/Alch/Air  57%        N/A       1%          3
d - Olgreb's Toxic Radia  Alch           57%        N/A       1%          4
e - Sticky Flame          Fire/Alch      57%        2d10      1%          4
f - Summon Small Mammal   Summ           100%       N/A       1%          1
g - Jinxbite              Hex            100%       N/A       1%          2
h - Volatile Blastmotes   Fire/Tloc      100%       2d18      1%          3
Your spell library was empty.

Dungeon Overview and Level Annotations

Branches:
Dungeon (5/15)             Temple (1/1) D:4

Altars:
Cheibriados
Dithmenos
Elyvilon
Fedhas
Gozag
Hepliaklqana
Makhleb
Nemelex Xobeh
Okawaru
Qazlal
Ru
Uskayaw
Wu Jian
Yredelemnul
Zin
The Shining One


Innate Abilities, Weirdness & Mutations

You are immune to sickness and miasma.
You are immune to poison.
Your flesh is very heat resistant. (rF++)
You are vulnerable to cold. (rC-)
You float through the air rather than walking.
You learn spells naturally, not from books.
Your magical power is your life essence.
You have superior vitality. (+4 MHP)


Message History

Confirm with . or Enter, or press ? or * to list all spells.
You begin to radiate toxic energy.
You feel better.
The orc wizard is poisoned.
You feel better.
The orc wizard looks even sicker.
You feel better.
You feel better.
The orc wizard looks even sicker.
The orc wizard gestures at you while chanting.
The magic dart hits you.
You feel better.
You kill the orc wizard!
Makhleb accepts your kill.
You feel better.
Your toxic aura wanes.
A centaur comes into view.
Casting: Olgreb's Toxic Radiance (dangerous; 1% risk of failure)
Confirm with . or Enter, or press ? or * to list all spells.
You begin to radiate toxic energy.
You feel better.
The centaur shouts!
The centaur is poisoned.
You feel better.
The centaur wields a +0 orcbow.
The centaur shoots an arrow.
The arrow misses you.
You feel better.
The centaur looks even sicker.
Your toxic aura wanes.
The centaur shoots an arrow.
The arrow hits you!
The centaur shoots an arrow.
The arrow hits you!
The centaur shoots an arrow.
The arrow hits you!
* * * LOW HITPOINT WARNING * * *
The centaur shoots an arrow.
The arrow hits you!
* * * LOW HITPOINT WARNING * * *
You feel better.
The centaur shoots an arrow.
The arrow hits you!
* * * LOW HITPOINT WARNING * * *
Casting: Olgreb's Toxic Radiance (dangerous; 1% risk of failure)
Confirm with . or Enter, or press ? or * to list all spells.
You can't see any susceptible monsters within range! (Use Z to cast anyway.)
Casting: Olgreb's Toxic Radiance (dangerous; 1% risk of failure)
Confirm with . or Enter, or press ? or * to list all spells.
Okay, then.
Casting: Olgreb's Toxic Radiance (dangerous; 1% risk of failure)
Confirm with . or Enter, or press ? or * to list all spells.
* * * LOW HITPOINT WARNING * * *
The centaur shoots an arrow.
The arrow hits you!!
You die...

##...#...#...## ####.......
#....#...#....# ...........
#...##...##c..# ###.......
#...#.†)..#...# ###.#...
#...#.....#...# #.#...
#...#.....#...# #.#...
#...#..⌠..#...# #.#...
#...#.....#...# ##.##..
#...#.....#@..########......
#...#.....#.b.#.....##.###..
#...##...##...#####.##.###..
#....#...#....# #........>..
##...#...#...####.#.##..)...
#...##......#.##.#.##..#...
#....#......#......##......
#....####..⌠####.#####.##..
#.......##### #.# #.##.)


You could see a centaur (very poisoned, ally target) and a friendly bat
(summoned).

Vanquished Creatures
  An ice beast (D:4)
  An ogre (D:5)
  A phantom (D:4)
  3 kobold brigands (D:4)
  A scorpion (D:4)
  4 orc priests
  A bombardier beetle (D:5)
  2 iguanas (D:5)
  3 orc wizards
  7 gnolls (D:4)
  8 adders
  A dart slug (D:1)
  2 ribbon worms
  12 orcs
  5 bats
  7 endoplasms
  3 giant cockroaches
  9 goblins
  14 hobgoblins
  9 jackals (D:1)
  4 quokkas
  4 ball pythons
  4 frilled lizards
  41 kobolds
  6 rats (D:1)
153 creatures vanquished.

Notes
Turn   | Place    | Note
-------+----------+-------------------------------------------
     0 | D:1      | Alarak the Djinni Alchemist began the quest for the Orb.
     0 | D:1      | Alarak set off with the following spells memorised: Sting,
                  | Mercury Vapours, Mephitic Cloud, Olgreb's Toxic Radiance,
                  | Sticky Flame.
     0 | D:1      | Reached XP level 1. HP: 15/15 MP: 0/0
   111 | D:1      | Reached XP level 2. HP: 10/21 MP: 0/0
   346 | D:1      | Reached XP level 3. HP: 24/25 MP: 0/0
   346 | D:1      | Learned a level 1 spell: Summon Small Mammal
   399 | D:1      | You are sucked into a shaft and drop 1 floor!
   463 | D:2      | Reached XP level 4. HP: 6/31 MP: 0/0
  1510 | D:2      | Reached XP level 5. HP: 28/35 MP: 0/0
  1510 | D:2      | Learned a level 2 spell: Jinxbite
  2100 | D:3      | Reached skill level 5 in Spellcasting
  2100 | D:3      | Reached skill level 5 in Conjurations
  2100 | D:3      | Reached skill level 5 in Hexes
  2100 | D:3      | Reached skill level 5 in Summonings
  2100 | D:3      | Reached skill level 5 in Necromancy
  2100 | D:3      | Reached skill level 5 in Translocations
  2100 | D:3      | Reached skill level 5 in Fire Magic
  2100 | D:3      | Reached skill level 5 in Ice Magic
  2100 | D:3      | Reached skill level 5 in Air Magic
  2100 | D:3      | Reached skill level 5 in Earth Magic
  2100 | D:3      | Reached skill level 5 in Alchemy
  2329 | D:3      | Identified the +5 sling of Koiff {freeze, rN+ Str+3}
  2802 | D:3      | Found a sacrificial altar of Ru.
  2970 | D:4      | Identified a scroll of acquirement
  2970 | D:4      | Acquired the +6 Majin-Bo {spellvamp, MP+6 Int+6}
  2970 | D:4      | Found the +6 Majin-Bo {spellvamp, MP+6 Int+6}
  3025 | D:4      | Found a hazy altar of Hepliaklqana.
  3057 | D:4      | Reached XP level 6. HP: 30/40 MP: 0/0
  3585 | D:4      | Noticed an ice beast
  3597 | D:4      | Killed an ice beast
  3598 | D:4      | Reached XP level 7. HP: 45/45 MP: 0/0
  3598 | D:4      | Learned a level 3 spell: Volatile Blastmotes
  3656 | D:4      | Found a staircase to the Ecumenical Temple.
  3669 | Temple   | Entered the Ecumenical Temple
  3676 | Temple   | Became a worshipper of Makhleb the Destroyer
  3788 | D:4      | Reached * piety under Makhleb
  3935 | D:4      | Reached XP level 8. HP: 50/50 MP: 0/0
  4548 | D:5      | Entered Level 5 of the Dungeon
  4621 | D:5      | Reached ** piety under Makhleb
  4634 | D:5      | Found an opulent altar of Gozag.
  4942 | D:5      | Shot with an arrow by a centaur

Illustrated notes

Levels and vault maps discovered:
D:1:      minmay_arrival_solitary_statue, layout_loops_ring
D:2:      layout_loops_corners, st_stairs_6
D:3:      layout_basic, nicolae_ru_path_of_blood, minmay_tree_intersection
D:4:      minmay_goblin_kobold_castle, layout_layer_cave, amcnicky_altar_gilded,
          minmay_temple_entry_proselytizer
D:5:      kennysheep_spiral_hall, layout_loops_cross, lemuel_crystal_altar,
          kennysheep_boxes, uniq_menkaure
Temple:   nicolae_temple_no_exploring_needed

Skill      XL: |  1  2  3  4  5  6  7  8 |
---------------+-------------------------+-----
Spellcasting   | 4 5 6 7 8 |  8.1
Conjurations   | 4 5 6 7 8 |  8.1
Hexes          | 4 5 6 7 8 |  8.1
Summonings     | 4 5 6 7 8 |  8.1
Necromancy     | 4 5 6 7 8 |  8.1
Translocations | 4 5 6 7 8 |  8.1
Fire Magic     | 4 5 6 7 8 |  8.1
Ice Magic      | 4 5 6 7 8 |  8.1
Air Magic      | 4 5 6 7 8 |  8.1
Earth Magic    | 4 5 6 7 8 |  8.1
Alchemy        | 4 5 6 7 8 |  8.1
Dodging        | |  2.1
Stealth        | |  1.5

Action                     |  1- 3 |  4- 6 |  7- 9 || total
---------------------------+-------+-------+-------++-------
  Melee: Unarmed           |       |     2 |       ||     2
         Bo                |       |    19 |    11 ||    30
   Fire: Sling             |       |     3 |       ||     3
   Cast: Sting             |    48 |   105 |    26 ||   179
         Mercury Vapours   |     4 |       |       ||     4
         Olgreb's Toxic Ra |       |     3 |    22 ||    25
         Mephitic Cloud    |       |     7 |     5 ||    12
         Summon Small Mamm |       |    12 |     1 ||    13
         Sticky Flame      |       |     4 |       ||     4
         Jinxbite          |       |     1 |       ||     1
    Use: Scroll            |     1 |    12 |     1 ||    14
         Potion            |       |     1 |     1 ||     2
 Armour: Robe              |    16 |    26 |    14 ||    56
  Dodge: Dodged            |    17 |    27 |     6 ||    50

Table legend: (Time is in decaauts)
 A = Elapsed time spent in this place.
 B = Non-inter-level travel time spent in this place.
 C = Inter-level travel time spent in this place.
 D = Time resting spent in this place.
 E = Time spent auto-exploring this place.
 F = Levels seen in this place.
 G = Mean time per level.
                   A        B        C        D        E       F      G
               +--------+--------+--------+--------+--------+-----+--------+
         Total |   4947 |   4774 |    173 |    435 |   3641 |   6 |  824.5 |
       Dungeon |   4933 |   4773 |    160 |    435 |   3641 |   5 |  986.6 |
        Temple |     14 |      1 |     13 |      0 |      0 |   1 |   14.0 |
               +--------+--------+--------+--------+--------+-----+--------+

Top non-repeatable levels by time:
     D:4: 1585 daAuts
     D:2: 1101 daAuts
     D:1: 951 daAuts
     D:3: 900 daAuts
     D:5: 394 daAuts
  Temple: 14 daAuts
